 Dungeon Crawl Stone Soup version 0.30.1-11-g7821555f0a (webtiles) character file.

Game seed: 15854115477457717924

196 Destapler the Covered (level 5, -1/46 HPs)
             Began as a Minotaur Fighter on Dec 16, 2023.
             Was an Initiate of Gozag.
             Killed by nerve-wracking pain
             ... invoked by Grinder
              (10 damage)
             ... on level 3 of the Dungeon.
             The game lasted 00:06:28 (2261 turns).

Destapler the Covered (Minotaur Fighter)            Turns: 2261, Time: 00:06:29

Health: -1/46      AC:  7    Str: 21    XL:     5   Next: 46%
Magic:  4/4        EV: 12    Int:  5    God:    Gozag
Gold:   280        SH:  4    Dex: 11    Spells: 4/4 levels left

rFire   . . .        a - +0 long sword
rCold   . . .        c - +0 buckler
rNeg    . . .        i - +0 acid dragon scales
rPois   .            (helmet restricted)
rElec   .            (no cloak)
rCorr   +            (no gloves)
SInv    +            (no boots)
Will    .....        (no amulet)
Stlth   +            e - ring of see invisible
HPRegen 0.27/turn    (no ring)
MPRegen 0.09/turn

%: no passive effects
@: no status effects
A: horns 2, retaliatory headbutt
a: Renounce Religion, Potion Petition, Call Merchant, Bribe Branch


You were on level 3 of the Dungeon.
You worshipped Gozag.
Gozag was aware of your devotion.
You visited 1 branch of the dungeon, and saw 3 of its levels.

You collected 280 gold pieces.

Inventory:

Hand Weapons
 a - a +0 long sword (weapon)
Armour
 b - a +0 scale mail
 c - a +0 buckler (worn)
 i - +0 acid dragon scales (worn)
 m - an orb of light
Jewellery
 e - a ring of see invisible (left hand)
 l - a ring of resist corrosion
 p - a ring of flight
Scrolls
 d - a scroll of amnesia {unknown}
 g - 3 scrolls of magic mapping {unknown}
 h - a scroll of identify {unknown}
 j - a scroll of teleportation {unknown}
 k - a scroll of fog {unknown}
 o - a scroll of noise {unknown}
Potions
 f - 3 potions of curing
 n - a potion of ambrosia {unknown}


   Skills:
 - Level 4.0 Fighting
 - Level 3.0 Long Blades
 - Level 3.0 Ranged Weapons
 - Level 4.0 Armour
 + Level 3.7 Dodging
 - Level 4.0 Shields


You had 4 spell levels left.
You didn't know any spells.
Your spell library was empty.

Dungeon Overview and Level Annotations

Branches:
Dungeon (3/15)

Altars:
Gozag

Annotations:
D:3 Grinder


Innate Abilities, Weirdness & Mutations

You have a pair of horns on your head.
You reflexively headbutt those who attack you in melee.


Message History

Grinder is moderately wounded.
Grinder barely misses you.
You closely miss Grinder.
Grinder is moderately wounded.
Grinder gestures at you.
You suddenly lose the ability to move!
Grinder gestures at you. Pain shoots through your body!
* * * LOW HITPOINT WARNING * * *
Grinder hits you but does no damage. x2
Grinder hits you!
* * * LOW HITPOINT WARNING * * *
You can move again.
You hit Grinder.
Grinder is heavily wounded.
Grinder hits you.
* * * LOW HITPOINT WARNING * * *
Grinder hits you but does no damage.
You hit Grinder but do no damage.
Grinder is heavily wounded.
Grinder barely misses you.
You barely miss Grinder.
Grinder is heavily wounded.
Grinder gestures at you.
You shrug off the repeated paralysis!
You hit Grinder.
Grinder is heavily wounded.
Grinder closely misses you.
You hit Grinder. You headbutt Grinder!
Grinder is almost dead.
Grinder blinks!
You barely miss Grinder. Your headbutt misses Grinder.
Grinder is almost dead.
Grinder misses you. You furiously retaliate!
You headbutt Grinder. You barely miss Grinder.
Grinder is almost dead.
Grinder gestures at you. Pain shoots through your body!
You die...
Your body crumbles into a pile of gold.

.....# .###.#
##+#+#+#'### .#
#..........# .###.##
##..........#
......#####...........#
####..##..............##
# #. ##.##.............
####.. #.##.....5......#
......##.##.....@..!...#
.......................#
###.#....###.[.........#
.......#.#############.#
..#.##.#.....# #
....##.#.....#
...###.#.....#
#......#.....#
.#.....#.....#


You could see Grinder.

Vanquished Creatures
  An orc priest (D:3)
  2 orc wizards (D:3)
  2 adders
  4 gnolls (D:2)
  A worm (D:3)
  A dart slug (D:2)
  5 orcs (D:3)
  5 bats
  8 endoplasms
  3 goblins
  3 hobgoblins
  A kobold (D:2)
  5 quokkas
  4 ball pythons
  A frilled lizard (D:3)
  5 rats
51 creatures vanquished.

Notes
Turn   | Place    | Note
-------+----------+-------------------------------------------
     0 | D:1      | Destapler the Minotaur Fighter began the quest for the Orb.
     0 | D:1      | Reached XP level 1. HP: 19/19 MP: 0/0
   178 | D:1      | Reached XP level 2. HP: 26/27 MP: 1/1
   810 | D:2      | Reached skill level 1 in Ranged Weapons
   819 | D:2      | Reached XP level 3. HP: 33/33 MP: 2/2
   981 | D:2      | Reached XP level 4. HP: 27/40 MP: 3/3
  1126 | D:2      | Found a faded altar of an unknown god.
  1278 | D:2      | Prayed at the altar of an unknown god.
  1278 | D:2      | Became a worshipper of Gozag Ym Sagoz the Greedy
  1514 | D:3      | Noticed Grinder
  1668 | D:3      | Reached XP level 5. HP: 5/46 MP: 4/4
  2250 | D:3      | Paralysed by Grinder for 5 turns
  2261 | D:3      | Killed from afar by Grinder

Illustrated notes

Levels and vault maps discovered:
D:1:      dpeg_arrival_rhombi, layout_loops_ring
D:2:      layout_basic, dilly_ecumenical_altar_fadedgnrine,
          guppyfry_early_lair_pool
D:3:      layout_basic, lightli_temple_of_fire, uniq_grinder

Skill      XL: |  1  2  3  4  5 |
---------------+----------------+-----
Ranged Weapons | 1 2 3 |  3.0
Fighting       | 4 |  4.0
Long Blades    | 3 |  3.0
Armour         | 4 |  4.0
Shields        | 4 |  4.0
Dodging        | 2 3 |  3.7

Action                     |  1- 3 |  4- 6 || total
---------------------------+-------+-------++-------
  Melee: Long sword        |    64 |    69 ||   133
         Headbutt          |    12 |     9 ||    21
    Use: Potion            |     1 |     1 ||     2
 Armour: Scale mail        |    20 |       ||    20
         Acid dragon scale |    15 |    21 ||    36
  Dodge: Dodged            |    29 |    42 ||    71
  Block: Buckler           |    15 |    11 ||    26
